Cogmind - Beta 15 @@@ ROGUE MODE // 2025.07.29 @ 18:48:41 Player: P9H Result: Destroyed by S-27 Virus with Autogun Performance ------------- Evolutions (4) 2000 Regions Visited (6) 1200 Robots Destroyed (83) 415 Value Destroyed (3162) 3162 Prototype IDs (1) 20 Alien Tech Used (0) 0 Bonus (0) 0 TOTAL SCORE: 6797 Bonus ------- None Cogmind --------- Core Integrity 0/850 Matter 6/300 Energy 99/100 System Corruption 6% Temperature Cool (0) Movement Core (50) Location -6/Extension Parts ------- > --- POWER (2) -------- (None) > --- PROPULSION (4) --- (None) > --- UTILITY (5) ------ Improved Signal Interpreter Improved Targeting Computer Weapon Cycler > --- WEAPON (4) ------- (None) > --- INVENTORY (5) ---- Advanced Heat Sink Medium Matter Pod (100) Improved Field Recycling Unit (0) Heavy Flak Cannon Heavy Flak Cannon Peak State ------------ > --- POWER ------------ Reinforced Deuterium Engine Neutrino Core > --- PROPULSION ------- Light Treads Light Treads Improved Treads Compact Wheel > --- UTILITY ---------- Advanced Heat Sink Improved Cooling System High-capacity Storage Unit Improved Targeting Computer Improved Light Armor Plating > --- WEAPON ----------- Gatling Laser Gauss Rifle Flak Gun Flak Gun > --- INVENTORY -------- Light Deuterium Engine Micro Nuclear Core Light Angular Momentum Engine Light Angular Momentum Engine Advanced Heat Sink High-capacity Storage Unit Medium Matter Pod Improved Signal Interpreter Core Analyzer Recoil Stabilizer Weapon Cycler Hardened Medium Armor Plating Improved Field Recycling Unit Flak Gun Heavy Machine Gun Heavy Flak Cannon Heavy Flak Cannon Rocket Launcher Heavy Rocket Launcher [Rating: 53] Favorites ----------- Power Light Angular Momentum Engine Engine Light Angular Momentum Engine Power Core Micro Nuclear Core Propulsion Light Treads Treads Light Treads Wheel Compact Wheel Utility High-capacity Storage Unit Device Improved Cooling System Storage High-capacity Storage Unit Processor Improved Targeting Computer Protection Core Shielding Weapon Shotgun Energy Gun Heavy Laser Energy Cannon Cooled Particle Cannon Ballistic Gun Shotgun Ballistic Cannon Assault Cannon Launcher Grenade Launcher Build | -11 -10 -9 -8 -7 -6 -6 ------- Run | Yrd Mat Mat Mat Fac Fac Ext Slots Evolved 8 | . . 2 2 2 2 . Power 1 | . . . . . 1 . Propulsion 2 | . . . 1 1 . . Utility 3 | . . 1 . 1 1 . Weapon 2 | . . 1 1 . . . Parts Attached 84 | 6 8 11 11 20 13 15 Power 15 | 1 1 1 3 1 4 4 Engine 10 | 1 1 1 1 1 2 3 Core 5 | . . . 2 . 2 1 Reactor . | . . . . . . . Propulsion 19 | 2 2 2 1 6 4 2 Treads 15 | 2 2 2 1 5 2 1 Leg . | . . . . . . . Wheel 4 | . . . . 1 2 1 Hover . | . . . . . . . Flight . | . . . . . . . Utility 19 | 1 1 4 3 3 3 4 Device 7 | . . 1 2 2 1 1 Storage 2 | 1 . . 1 . . . Processor 3 | . . . . 1 1 1 Hackware . | . . . . . . . Protection 7 | . 1 3 . . 1 2 Artifact . | . . . . . . . Weapon 31 | 2 4 4 4 10 2 5 Energy Gun 11 | 1 . . 2 7 . 1 Energy Cannon 1 | . . . . 1 . . Ballistic Gun 13 | 1 4 3 . 2 2 1 Ballistic Cannon 3 | . . . 1 . . 2 Launcher 3 | . . 1 1 . . 1 Special Weapon . | . . . . . . . Impact Weapon . | . . . . . . . Slashing Weapon . | . . . . . . . Piercing Weapon . | . . . . . . . Special Melee Weapon . | . . . . . . . Unidentified Prototypes 1 | . . . . 1 . . Parts Lost 40 | . . 2 7 9 4 18 Power 7 | . . . 3 . 1 3 Propulsion 14 | . . . 1 5 2 6 Utility 8 | . . 2 2 . 1 3 Weapon 11 | . . . 1 4 . 6 Highest Loss Streak 10 | . . 1 3 7 4 10 To Critical Strikes . | . . . . . . . Average Backups 16 | 4 7 7 16 19 19 16 Power 4 | 1 2 2 5 5 3 2 Propulsion 1 | 1 2 4 4 1 . . Utility 6 | . . . 3 10 9 8 Weapon 3 | 1 2 1 3 3 6 5 Tool/Special . | . . . . . . . Unused Backups 20 | . 2 . . 6 2 10 Power 4 | . . . . 3 . 1 Propulsion 3 | . 2 . . 1 . . Utility 10 | . . . . 2 1 7 Weapon 3 | . . . . . 1 2 Tool/Special . | . . . . . . . Average Slot Usage (%) 91 | . 90 96 96 93 88 78 Engine 6 | . 14 11 2 7 5 3 Core 2 | . . . 5 . 4 6 Treads 20 | . 28 22 26 25 8 7 Wheel 2 | . . . . . 8 7 Device 8 | . . 2 6 12 13 9 Storage 7 | . 14 11 9 7 6 5 Processor 4 | . . . . 6 8 7 Protection 6 | . 4 16 11 2 3 4 Energy Gun 10 | . 7 . 1 21 12 4 Ballistic Gun 16 | . 20 27 26 7 13 16 Ballistic Cannon 1 | . . . 6 . . . Peak Build Rating 53 | 6 7 14 24 41 49 53 Average Rating 28 | 4 6 10 20 31 44 42 On Entrance 19 | . 6 7 14 19 40 48 Naked Turns . | . . . . . . . Heaviest Build 98 | 12 15 25 65 68 78 98 Greatest Support 80 | 40 40 43 63 80 48 63 Greatest Overweight (x) 25 | . . . 1 4 4 25 Average Overweight (x) 1 | . . . . . 3 1 Largest Inventory Capacity 20 | 8 8 8 20 20 20 20 Average Capacity 17 | 6 8 8 19 20 20 18 Most Carried 20 | 5 8 8 20 20 20 20 Average Carried 16 | 4 7 7 16 19 19 16 Final Capacity 20 | 8 8 8 20 20 20 5 Final Carried 20 | 5 8 8 20 20 20 5 Class Distribution -------------------- 42% | Scavenger-Gunner 15% | Tank 15% | Skirmisher 14% | Gunner 12% | Mutant Dominant Class ---------------- Mutant | -10/Materials Tank | -9/Materials Skirmisher | -8/Materials Scavenger-Gunner | -7/Factory Scavenger-Gunner | -6/Factory Scavenger-Gunner | -6/Extension Resources | -11 -10 -9 -8 -7 -6 -6 ----------- Run | Yrd Mat Mat Mat Fac Fac Ext Matter Collected 2533 | 263 155 271 633 484 333 394 Remotely 35 | . . 35 . . . . Salvage Created 3287 | 88 185 369 809 803 522 511 Parts 136 | 2 11 24 35 31 13 20 Haulers Intercepted . | . . . . . . . Recyclers Shooed 1 | . . . . . . 1 Parts Field Recycled . | . . . . . . . Retrieved Matter . | . . . . . . . Parts Self-Destructed . | . . . . . . . Prevented . | . . . . . . . Kills | -11 -10 -9 -8 -7 -6 -6 ------- Run | Yrd Mat Mat Mat Fac Fac Ext Combat Hostiles Destroyed 67 | . 6 8 21 14 6 12 Guns 50 | . 6 8 10 11 6 9 Cannons 6 | . . . 5 . . 1 AOE 8 | . . . 6 . . 2 Classes Destroyed 13 | 1 2 3 1 4 1 1 Worker 5 | . . . . 3 2 . Builder 4 | . . 1 . . . 3 Tunneler 1 | . . 1 . . . . Recycler 3 | 1 . . . 1 1 . Operator 2 | . . . . 2 . . Watcher 1 | . . . . . 1 . Swarmer 6 | . 3 . 3 . . . Grunt 42 | . 3 5 15 10 2 7 Brawler 2 | . . . . 1 . 1 Duelist 2 | . . . 1 . 1 . Sentry 10 | . . 3 2 . 2 3 Programmer 4 | . . . . 3 1 . Behemoth 1 | . . . . . . 1 Best Kill Streak 7 | 1 2 4 7 4 5 4 Combat Bots Only 7 | . 2 3 7 4 3 3 Max Kills in Single Turn 3 | 1 1 2 3 2 2 2 Gunslinging . | . . . . . . . Exploded 3 | . . . 3 . . 1 Melee . | . . . . . . . Uniques/NPCs Destroyed . | . . . . . . . Combat | -11 -10 -9 -8 -7 -6 -6 -------- Run | Yrd Mat Mat Mat Fac Fac Ext Hostile Shots Fired 536 | . 46 48 75 104 64 199 Missed 154 | . 12 13 16 21 26 66 Hits 382 | . 34 35 59 83 38 133 Melee 6 | . . . 1 2 1 2 Projectile 376 | . 34 35 58 81 37 131 Critical Strikes 17 | . . 2 3 4 1 7 Actively Blocked 1 | . . . . 1 . . Damage Taken 6574 | . 333 494 960 1349 512 2926 Core 1240 | . 57 85 121 115 30 832 Absorbed by Shields . | . . . . . . . Redirected to Shielding 93 | . 15 42 24 12 . . Core Remaining (%) 83 | 100 77 78 78 83 . . Volleys Fired 176 | 3 27 29 28 50 14 25 Largest 4 | 2 2 3 4 4 4 4 Hottest 268 | 60 60 70 134 268 205 164 Shots Fired 570 | 6 54 76 107 170 58 99 Gun 525 | 6 54 73 85 170 58 79 Cannon 27 | . . . 19 . . 8 Launcher 18 | . . 3 3 . . 12 Special . | . . . . . . . Kinetic 376 | 3 47 73 95 60 28 70 Thermal 176 | 3 7 . 9 110 30 17 Explosive 18 | . . 3 3 . . 12 Electromagnetic . | . . . . . . . Robot Hit Streak 18 | 5 10 9 7 18 16 13 Robot Miss Streak 14 | 1 9 2 5 5 6 14 Penetration Max 1 | . . . . . 1 1 Secondary Targets 6 | . . 1 . 3 . 2 Max Gunslinging Chain 1 | . . 1 . 1 . 1 Shots Hit Robots 382 | 5 29 47 60 123 45 73 Core Hits 247 | 2 10 21 50 46 32 86 Critical Kills 1 | . . . . . 1 . Critical Parts Destroyed 2 | . . . 1 1 . . Critical Strikes 10 | . . . 3 5 2 . Burn 7 | . . . 2 4 1 . Destroy 3 | . . . 1 1 1 . Melee Attacks . | . . . . . . . Impact . | . . . . . . . Slashing . | . . . . . . . Piercing . | . . . . . . . Sneak Attacks . | . . . . . . . Combat Hostiles . | . . . . . . . Follow-up Attacks . | . . . . . . . Damage Inflicted 7947 | 51 349 772 1404 2113 930 2328 Guns 6018 | 51 349 600 746 2035 930 1307 Cannons 320 | . . . 162 . . 158 Explosions 1609 | . . 172 496 78 . 863 Melee . | . . . . . . . Ramming . | . . . . . . . Kinetic 3940 | 29 281 600 821 707 466 1036 Thermal 2476 | 22 68 . 87 1406 464 429 Explosive 1531 | . . 172 496 . . 863 Electromagnetic . | . . . . . . . Impact . | . . . . . . . Slashing . | . . . . . . . Piercing . | . . . . . . . Highest Corruption 6 | . . . . 4 1 6 Average Corruption 2 | . . . . 2 1 4 Corruption Purged . | . . . . . . . Corruption Blocked . | . . . . . . . Effects 29 | . . . . 16 3 10 Message Errors 4 | . . . . 2 . 2 Matter Fused 8 | . . . . 5 . 3 Heat Flow Errors 3 | . . . . 1 1 1 Energy Discharges 5 | . . . . 3 . 2 Data Loss (minor) 4 | . . . . 3 . 1 Data Loss (major) 2 | . . . . 1 . 1 Misfires 3 | . . . . 1 2 . Overload Shots . | . . . . . . . Overflow Damage 73 | . . . 6 48 . 19 Projectiles . | . . . . . . . Explosions 73 | . . . 6 48 . 19 Melee . | . . . . . . . Knockbacks . | . . . . . . . Impact . | . . . . . . . Kinetic . | . . . . . . . Secondary . | . . . . . . . Self-Inflicted Damage 124 | . . 26 70 . . 28 Shots 5 | . . 2 2 . . 1 Rammed . | . . . . . . . Targets Rammed . | . . . . . . . Kicked . | . . . . . . . Crushed . | . . . . . . . Highest Temperature 420 | 20 36 71 235 420 86 93 Average Temperature 94 | 13 18 27 74 167 19 29 Received Heat Transfer 2043 | . 102 204 459 585 78 615 Effects 7 | . . . . 7 . . Shutdowns 1 | . . . . 1 . . Energy Bleed 1 | . . . . 1 . . Interference 4 | . . . . 4 . . Matter Decay 1 | . . . . 1 . . Siege Activations . | . . . . . . . Martial Activations . | . . . . . . . Shielding Activations . | . . . . . . . Robots Disrupted . | . . . . . . . Combat Hostiles . | . . . . . . . Robots Corrupted . | . . . . . . . Combat Hostiles . | . . . . . . . Parts Fried . | . . . . . . . Impact Corruptions . | . . . . . . . Robots Melted 3 | . . . . 3 . . Combat Hostiles 3 | . . . . 3 . . Parts Melted 11 | . . . 1 10 . . Heat Transferred 5935 | 50 150 . 370 3358 1032 975 Parts Sabotaged . | . . . . . . . Parts Stolen . | . . . . . . . Parts Stripped . | . . . . . . . Power Chain Reactions . | . . . . . . . Alert | -11 -10 -9 -8 -7 -6 -6 ------- Run | Yrd Mat Mat Mat Fac Fac Ext Maximum Alert Level 1 | . . . 1 . . . Low Security (%) 99 | 100 100 100 97 100 100 100 Level 1 . | . . . 2 . . . Level 2 . | . . . . . . . Level 3 . | . . . . . . . Level 4 . | . . . . . . . Level 5 . | . . . . . . . High Security . | . . . . . . . Max Security . | . . . . . . . Peak Influence 216 | 5 60 116 216 99 75 58 Initial 48 | . . 9 23 42 48 25 Average 36 | . 18 48 98 15 17 18 Influence Increases 1966 | 5 140 266 538 456 184 377 Destroy 0b10 Robot/C 1340 | . 120 160 420 280 120 240 Destroy 0b10 Robot/NC 80 | 5 . 10 . 30 20 15 Destroy Leader 252 | . 20 50 70 60 42 10 Disable Machine 75 | . . 15 15 45 . . Destroy Structure 114 | . . 16 33 26 2 37 Partial Spotted 15 | . . . . . . 15 Lose Combat Pursuer 90 | . . 15 . 15 . 60 Influence Decreases 1920 | 5 116 234 500 451 229 385 Entered New Map 180 | . . 15 33 52 51 29 Time Decay 1460 | 5 116 199 397 327 147 269 Lost Part 280 | . . 20 70 72 31 87 Squads Dispatched 8 | . . 2 1 3 1 1 Investigation 1 | . . . . . . 1 Extermination 4 | . . . . 3 1 . Reinforcement 3 | . . 2 1 . . . Assault . | . . . . . . . Garrison . | . . . . . . . Intercept . | . . . . . . . Searches Triggered . | . . . . . . . Construction Impeded 1 | . . 1 . . . . Haulers Reinforced . | . . . . . . . Active Scanning Responses . | . . . . . . . Cargo Convoy Interrupts . | . . . . . . . Stealth | -11 -10 -9 -8 -7 -6 -6 --------- Run | Yrd Mat Mat Mat Fac Fac Ext Distress Signals 9 | . . 5 1 1 1 1 Communications Jammed . | . . . . . . . Distress Signals . | . . . . . . . Times Spotted 97 | . 11 15 23 18 8 22 Peak Tracking Total 7 | . 3 4 7 4 3 5 Tactical Retreats 5 | . . 1 . 1 . 3 Traps | -11 -10 -9 -8 -7 -6 -6 ------- Run | Yrd Mat Mat Mat Fac Fac Ext Traps Triggered . | . . . . . . . Indirectly . | . . . . . . . Trap Hack Attempts . | . . . . . . . Triggered . | . . . . . . . Disarmed . | . . . . . . . Reprogrammed . | . . . . . . . Reused . | . . . . . . . Traps Extracted . | . . . . . . . Installed . | . . . . . . . Triggered . | . . . . . . . Machines | -11 -10 -9 -8 -7 -6 -6 ---------- Run | Yrd Mat Mat Mat Fac Fac Ext Machines Disabled 6 | . . 1 1 3 . 1 Max in Single Turn 3 | . . 1 1 3 . 1 Garrison Access 1 | . . . . . 1 . Machines Repaired . | . . . . . . . Machines Dismantled . | . . . . . . . Machines Sabotaged . | . . . . . . . Overloaded Fab Kills . | . . . . . . . Hacking | -11 -10 -9 -8 -7 -6 -6 --------- Run | Yrd Mat Mat Mat Fac Fac Ext Machines Accessed 3 | . . . . . 2 1 Terminals 2 | . . . . . 1 1 Fabricators . | . . . . . . . Repair Stations . | . . . . . . . Recycling Units . | . . . . . . . Scanalyzers . | . . . . . . . Garrison Access 1 | . . . . . 1 . Total Hacks 7 | . . . . . 5 2 Successful 2 | . . . . . 2 . Failed 5 | . . . . . 3 2 Catastrophic 1 | . . . . . . 1 Database Lockouts . | . . . . . . . Manual . | . . . . . . . Terminals 6 | . . . . . 4 2 Fabricators . | . . . . . . . Repair Stations . | . . . . . . . Recycling Units . | . . . . . . . Scanalyzers . | . . . . . . . Garrison Access 1 | . . . . . 1 . Terminal Hacks 1 | . . . . . 1 . Open Door 1 | . . . . . 1 . Fabricator Hacks . | . . . . . . . Repair Station Hacks . | . . . . . . . Recycling Unit Hacks . | . . . . . . . Scanalyzer . | . . . . . . . Garrison Access Hacks 1 | . . . . . 1 . Seal Access 1 | . . . . . 1 . Unauthorized Hacks . | . . . . . . . Terminals . | . . . . . . . Fabricators . | . . . . . . . Repair Stations . | . . . . . . . Recycling Units . | . . . . . . . Scanalyzers . | . . . . . . . Garrison Access . | . . . . . . . Data Cores Recovered 2 | . . . . 2 . . Used . | . . . . . . . Hacking Detections 2 | . . . . . 1 1 Full Trace Events 1 | . . . . . . 1 Feedback Events . | . . . . . . . Feedback Blocked . | . . . . . . . Robot Schematics Acquired . | . . . . . . . Robots Built . | . . . . . . . Authchips . | . . . . . . . Time . | . . . . . . . Total Robot Build Rating . | . . . . . . . Part Schematics Acquired . | . . . . . . . Parts Built . | . . . . . . . Authchips . | . . . . . . . Time . | . . . . . . . Total Part Build Rating . | . . . . . . . Parts Repaired . | . . . . . . . Time . | . . . . . . . Parts Recycled . | . . . . . . . Recycled Matter . | . . . . . . . Retrieved Matter . | . . . . . . . Retrieved Components . | . . . . . . . Parts Scanalyzed . | . . . . . . . Part Schematics Acquired . | . . . . . . . Parts Damaged . | . . . . . . . Bothacking | -11 -10 -9 -8 -7 -6 -6 ------------ Run | Yrd Mat Mat Mat Fac Fac Ext Used RIF Installer . | . . . . . . . Robots Hacked . | . . . . . . . Non-combat . | . . . . . . . Combat . | . . . . . . . Robot Hacks Applied . | . . . . . . . Relay Couplers Released . | . . . . . . . Fabnet Peak Effective % . | . . . . . . . Robots Rewired . | . . . . . . . Allies Hacked . | . . . . . . . Hacks Repelled . | . . . . . . . Allies | -11 -10 -9 -8 -7 -6 -6 -------- Run | Yrd Mat Mat Mat Fac Fac Ext Total Allies . | . . . . . . . Largest Group . | . . . . . . . Highest-Rated Group . | . . . . . . . Highest-Rated Ally . | . . . . . . . Total Orders . | . . . . . . . Ally Attacks . | . . . . . . . Total Damage . | . . . . . . . Kills . | . . . . . . . Allies Corrupted . | . . . . . . . Allies Melted . | . . . . . . . Intel | -11 -10 -9 -8 -7 -6 -6 ------- Run | Yrd Mat Mat Mat Fac Fac Ext Active Infowar (turns) 1160 | . . . 746 414 . . Sensors 1160 | . . . 746 414 . . Robot Analysis Total . | . . . . . . . Derelict Logs Recovered . | . . . . . . . Drone Launches . | . . . . . . . Drone Recoveries . | . . . . . . . Exploration | -11 -10 -9 -8 -7 -6 -6 ------------- Run | Yrd Mat Mat Mat Fac Fac Ext Turns Passed 5224 | 110 425 482 1073 1579 742 813 Spaces Moved 2210 | 66 179 226 307 725 334 373 Core 140 | 25 . . . . . 115 Treads 1487 | 41 179 226 307 655 6 73 Legs . | . . . . . . . Wheels 583 | . . . . 70 328 185 Hover . | . . . . . . . Flight . | . . . . . . . Fastest Speed 50 | 50 160 160 160 145 115 50 Average Speed 173 | 118 160 160 204 185 157 163 Slowest Speed 1300 | 160 160 160 240 240 400 1300 Overloaded Moves . | . . . . . . . Propulsion Burnouts . | . . . . . . . Robots Hopped . | . . . . . . . Potential Cave-ins . | . . . . . . . Cave-ins Triggered . | . . . . . . . Exploration Rate (%) 23 | 4 27 23 21 21 7 62 Regions Visited 6 Branch Regions 1 Pre-discovered Areas . | . . . . . . . Known Exits Taken . | . . . . . . . Unknown Exits Taken 6 | 1 1 1 1 1 1 . Scrap Searched . | . . . . . . . Spaces Dug . | . . . . . . . Terrain Destroyed 152 | . . 16 36 23 . 77 Melee . | . . . . . . . Projectile 7 | . . . 6 . . 1 AOE 145 | . . 16 30 23 . 76 Terrain Rammed . | . . . . . . . Walls Destroyed . | . . . . . . . Machines Disabled . | . . . . . . . Actions | -11 -10 -9 -8 -7 -6 -6 --------- Run | Yrd Mat Mat Mat Fac Fac Ext Total 3217 | 91 271 286 683 852 517 517 Wait 600 | 9 41 10 309 19 139 73 Move 2204 | 65 178 225 306 724 333 373 Hop . | . . . . . . . Pick Up 73 | 8 8 3 23 17 8 6 Fast Attach 19 | 3 . 2 . 8 5 1 Attach 44 | 3 1 3 10 9 5 13 Detach 1 | . . . . . . 1 Swap 41 | . 7 7 5 6 4 12 Drop 59 | . 9 7 2 19 9 13 Fire 176 | 3 27 29 28 50 14 25 Melee . | . . . . . . . Ram . | . . . . . . . Kick . | . . . . . . . Crush . | . . . . . . . Escape Stasis . | . . . . . . . Rewire . | . . . . . . . Trap . | . . . . . . . Miscellaneous . | . . . . . . . Route ------- -11/Scrapyard -10/Materials -9/Materials -8/Materials -7/Factory -6/Factory -6/Extension History --------- Turn | Location | Event 3 | -11/Scrapyard | Discovered new exit (range 16) 111 | -11/Scrapyard | Entered Materials 301 | -10/Materials | Build established: Mutant 504 | -10/Materials | Discovered new exit (range 14) 536 | -10/Materials | Entered another Materials area 536 | -9/Materials | Evolved 2 slots: Utility x1, Weapon x1 858 | -9/Materials | Build established: Tank 954 | -9/Materials | Discovered new exit (range 16) 1018 | -9/Materials | Entered another Materials area 1018 | -8/Materials | Evolved 2 slots: Propulsion x1, Weapon x1 1197 | -8/Materials | Destroyed 7 combat bots 1333 | -8/Materials | Lost 3 parts (1p2u) 1632 | -8/Materials | Build established: Skirmisher 1938 | -8/Materials | Discovered new exit (range 16) 2091 | -8/Materials | Entered Factory 2091 | -7/Factory | Evolved 2 slots: Propulsion x1, Utility x1 2542 | -7/Factory | Lost 7 parts (4n3w) 2570 | -7/Factory | Build established: Scavenger-Gunner 3431 | -7/Factory | Discovered new exit (range 8) 3670 | -7/Factory | Entered another Factory area 3670 | -6/Factory | Evolved 2 slots: Power x1, Utility x1 3976 | -6/Factory | Lost 4 parts (1p2n1u) 4236 | -6/Factory | Build established: Gunner 4360 | -6/Factory | Discovered new exit (range 5) 4412 | -6/Factory | Entered Extension 4593 | -6/Extension | Build established: Scavenger-Gunner 4846 | -6/Extension | Spotted B-75 Beast 4921 | -6/Extension | Destroyed B-75 Beast 4976 | -6/Extension | Spotted B-75 Beast 5053 | -6/Extension | Core integrity fell below 50% 5083 | -6/Extension | Lost 10 parts (3p2n1u4w) 5143 | -6/Extension | Core integrity fell below 20% 5225 | -6/Extension | Destroyed by S-27 Virus with Autogun Last Messages --------------- Momentum Engine. 05091_ Acquired 1 matter. 05098_ Knocked back. 05101_ W-25 Informer sends out distress signal. 05103_ Knocked back. 05104_ Acquired 1 matter. 05105_ 6JWK7GAJ|HNQ6WE&JXCLGQLB1HMTYXO0GGM:OU& 05123_ Hrd. Medium Armor Plating destroyed. 05135_ Rocket Launcher destroyed. 05135_ Knocked back. 05152_ Dropped Hcp. Storage Unit. 05157_ Dropped Mic. Nuclear Core. 05157_ Dropped Hvy. Rocket Launcher. 05158_ Dropped Hvy. Machine Gun. 05159_ Acquired 10 matter. 05165_ System corrupted: Energy discharge (-30). 05167_ R-10 Processor collects Core Analyzer. 05186_ Flak Gun destroyed. 05206_ System corrupted: Matter fused (-9). 05207_ Connecting with Terminal... Map ----- +----------------------------------------------------+ | | | | | | | | | | | | | | | | | | | | | | | | | #?????????????????????????????????? | | #???#######???????????????????????? | | ##### #?#####?????????????????? | | !### ########### #?????? | | T "?????? | | ### ### ##### # "?????? | | ##### #?## ##?# #???# #???????? | | #???#######??# #??# #???# #???????? | | #????????????# #??# #???# #???????? | | ????????????? ??# #???# #???????? | | ????????????? ?##+##### #???????? | | ????????????# ## # #???????? | | ????????????## ##T "" ! # ####????? | | ?????????????? ?## "T /@ #????? | | ?????????????? ??# "" [ # #????? | | ?????????????? ??# # #????? | | ?????????????? ??# ! # #????? | | ?????????????? ??#####+## #????? | | ?????????????? ????????? #????? | | ?????????????? ????????? #????? | | ???????????????????????? #????? | | ????????????????????????s #????? | | ???????????????????????? #????? | | ???????????????????????? s#????? | | ???????????????????????? s #????? | | ???????????????????????? #????? | | ???????????????????????? #????? | | ???????????????????????? #????? | | ???????????????????????? ??????? | | ??????????????????????????????????? | | ??????????????????????????????????? | | ??????????????????????????????????? | | ??????????????????????????????????? | | ??????????????????????????????????? | | ??????????????????????????????????? | | ??????????????????????????????????? | | ??????????????????????????????????? | | ??????????????????????????????????? | +----------------------------------------------------+ Best States ------------- Heat Dissipation 83 Energy Generation 30 Energy Capacity 505 Matter Stores 300 Matter Capacity 300 Sight Range 16 Robot Scan Range 14 Terrain Scan Density 10 Armor Coverage 225 Core Shielding 20 Weapon Shielding 33 Weapon Cycling 15 Evasion (%) 50 Targeting Accuracy 6 Recoil Reduction 4 Item Schematics ----------------- None Robot Schematics ------------------ None Fabricated ------------ Nothing Repaired ---------- Nothing Alien Tech Used ----------------- None Achievements -------------- None Challenges ------------ None Game ------ Seed AssembledTeslaStorm Manual? 0 Play Time 00:37:07 Cumulative 55.4 hours Start 2025.07.28 @ 18:38:51 End 2025.07.29 @ 18:48:41 Sessions 5 Manual Loads 0 Difficulty Rogue Special Mode None Game No. 108 Rogue 108 Adventurer 0 Explorer 0 Win Type - Total 0 Types 0/0/0/0/0/0/0/0/0/0 Lore% 9 Gallery% 34 Achievement% 26 Wizard Run 0 Options --------- Layout 1 ASCII 0 Keyboard 0 Movement Mouse Keybinds 0 Fullscreen 2 Font 32/SmallcapsGlow Map View 50x35 Zoom Use 0% Tactical HUD 1 Map Filters NONE Filters NONE Steam 1 RUN: 97566555-7a2a-493c-82df-1bf1db3092bf